Zazza, neutral female human Tourist ---- ----------- --.>-------- |.........| |..........| |.........| |.`-----.-.| |.........| |..|...|`..| |....<....| |.`.`...``-| |.........| |.`..`%.|..| |.........| |.----`.--.| |.........| |..`...`)|.-- |.........| |.---`-.'@`.------------+| |...|.``-.`.^^^^^^^^^^^^.| |.........---------------- -----..|..| ------- Zazza the Sightseer Experience level: 3 Strength: 12 Dexterity: 12 Constitution: 15 Intelligence: 13 Wisdom: 6 Charisma: 16 Health: 0(30) Energy: 10(10) Def: 4 Gold: 1174 Moves: 3704 Dungeon seed: 6uBpcMqahdxgCh6b Game ID: Zazza_1575709603 Your Inventory: Coins $ - 1174 gold pieces Weapons a - 27 +2 darts (in quiver) b - 8 +0 elven arrows y - 2 +0 orcish daggers (wielded) z - 10 +0 darts S - 44 +0 arrows Z - a +0 axe Armor e - an uncursed +0 Hawaiian shirt (being worn) q - an uncursed +0 orcish helm (being worn) r - an uncursed +0 orcish helm B - an uncursed +0 oilskin cloak (being worn) N - an uncursed +0 orcish helm Y - an uncursed +0 pair of high boots (being worn) Comestibles d - 5 uncursed food rations f - an uncursed carrot h - an uncursed tripe ration j - an uncursed apple Scrolls i - a blessed scroll of earth Q - a cursed scroll of identify U - an uncursed scroll of destroy armor W - an uncursed scroll of light Spellbooks X - an uncursed spellbook of detect food Potions V - an uncursed potion of monster detection Rings c - an uncursed ring of poison resistance R - a cursed -1 ring of gain strength Wands l - a wand of lightning (0:4) v - a wand of striking (0:4) G - a wand of opening (0:3) O - a blessed wand of cold (0:5) Tools k - an uncursed lock pick n - an expensive camera (0:98) o - an uncursed credit card p - a magic marker (0:80) u - an uncursed towel M - a magic flute (0:7) Spells and supernatural/magical abilities: Name Level Category Fail Memory W - pray for help -- divine ? -- Your skills at the end: Fighting Skills Weapon Skills dagger [Basic] dart [Basic] Spellcasting Skills Final Attributes: You were piously aligned. You were telepathic. You were unlucky. You are dead. Vanquished creatures: 2 floating eyes a homunculus a dwarf zombie a werejackal 5 coyotes 2 large kobolds a hobgoblin 7 giant rats a brown mold a red mold 2 gnomes a gnome zombie a gecko 10 jackals a fox a kobold 2 goblins 3 sewer rats 11 grid bugs 6 lichens a kobold zombie 5 newts 66 creatures vanquished. Voluntary challenges: You used a wielded weapon 53 times, starting on turn 731. You read items or engraved 6 times, starting on turn 563. You never genocided any monsters. You never polymorphed an object. You never changed form. You used no wishes. You never split a pudding. You wrote Elbereth's name 1 time, starting on turn 3694. You never violated your personal moral code. Dungeon overview: The Dungeons of Doom: levels 1 to 7 Level 1 an altar to The Lady, a sink a long staircase Level 2 an armor shop, an altar to The Lady, a fountain a long staircase Level 3 a fountain Level 4 Level 5 an altar to Offler, a fountain Level 6 many fountains Level 7 some fountains stairs to Sokoban Sokoban: levels 5 to 6 Level 5 <- You were here Level 6 stairs to The Dungeons of Doom History has recorded: On T:1 you entered the Dungeons of Doom to retrieve the Amulet of Yendor! On T:456 you reached level 2 of The Dungeons of Doom. On T:1241 you reached level 3 of The Dungeons of Doom. On T:1695 you advanced to experience level 2. On T:1806 you reached level 4 of The Dungeons of Doom. On T:2219 you reached level 5 of The Dungeons of Doom. On T:2597 you reached level 6 of The Dungeons of Doom. On T:2719 you advanced to experience level 3. On T:2928 you reached level 7 of The Dungeons of Doom. On T:3286 you reached level 4 of Sokoban. On T:3634 you reached level 3 of Sokoban. Score breakdown: Gold: 608 ( 9472 points) Experience: 3 levels ( 7878 points) Exploration: 7 levels ( 13.73%) (10392 points) Discoveries: 8 items ( 2.68%) ( 4915 points) Valuables value: (no points given unless you survive) Artifact value: 0 ( 0 points) Variety of kills: 22 monsters ( 5.77%) ( 7208 points) Turncount: 3704 turns ( -911 points) Survival: died (score multiplied by 80%) Total score: 31163 Latest messages: The straw golem turns to flee! The dart misses the straw golem. z - a dart. The dart misses the straw golem. The dart hits the straw golem. The dart hits the straw golem. The straw golem hits! (2x) The dart hits the straw golem. The straw golem hits! (2x) You begin praying to The Lady. The straw golem hits! (5x) You die... Final status: Aloha Zazza the Tourist, killed by a straw golem, while praying... You died in Sokoban on dungeon level 5 with 31163 points, and 1174 pieces of gold, after 3704 moves. You were level 3 with a maximum of 30 hit points when you died.